AoeStats
← 武帝

Nomad

504267227Analyzed
4v4 RM · 29d ago on Sep 4, 2026· 25m 37s· 8 players
Game mode
Random Map
Map size
231×231
Population
200
Speed
Normal
Resources
Standard
Victory
Conquest
Starting age
Dark Age
Ending age
Imperial Age
RankedLock teamsTeams togetherTeam positionsShared explorationLock speedFull tech treeHidden civsTurbo modeCheats
Victory
Defeat
🇹🇼 Japanese · Taiwan
1452
+4
🇹🇼 Mapuche · Taiwan
1325
+8
🇹🇼 Aztecs · Taiwan
872
+26
810
+29
🇩🇪 Malians · Germany
1162
-18
🇹🇷 Saracens · Türkiye
1127
-17
🇨🇦 Bengalis · Canada
1109
-16
🇬🇷 Tupi · Greece
1106
-16
slayopatra
7:44 Loom
15:36 Feudal Age
16:25 Double-Bit Axe
23:58 Castle Age
bluesea
4:12 Loom
15:59 Feudal Age
16:54 Gold Mining
16:51 Double-Bit Axe
20:25 Fishing Lines
26:08 Castle Age
24:34 Fletching
25:55 Padded Archer Armor
eward17
16:42 Loom
18:49 Feudal Age
24:05 Castle Age
gkyrkos7
4:34 Loom
14:53 Feudal Age
15:20 Double-Bit Axe
19:54 Stone Mining
22:19 Castle Age
22:33 Wheelbarrow
22:58 Fletching
23:10 Padded Archer Armor
24:03 Gold Mining
十分鐘搬一次家
6:54 Loom
15:40 Feudal Age
16:39 Fishing Lines
20:22 Castle Age
19:57 Double-Bit Axe
19:57 Horse Collar
22:37 Gillnets
23:59 Bow Saw
24:54 Gold Mining
武帝
5:01 Loom
13:44 Feudal Age
15:40 Double-Bit Axe
18:05 Castle Age
16:28 Fletching
16:42 Padded Archer Armor
17:02 Gold Mining
17:49 Horse Collar
18:45 Bodkin Arrow
20:40 Leather Archer Armor
21:49 Wheelbarrow
24:44 Ballistics
26:06 Bow Saw
holo9527
4:11 Loom
14:55 Feudal Age
16:27 Double-Bit Axe
16:33 Town Watch
18:02 Gold Mining
25:43 Castle Age
kuim
13:04 Feudal Age
16:43 Castle Age
15:29 Double-Bit Axe
17:03 Loom
19:23 Pikeman
22:53 Wheelbarrow
22:03 Town Watch
Connection lost

Rejoining the realm…

Still unreachable

The connection could not be restored.

Session expired

The server has moved on; the page needs a fresh start.